| TOP OF THE 1ST |
|
Altoona Curve batting - Pitching for Tulsa Drillers : RHP Eddie Usrey
|
|
Pitching: RHP Eddie Usrey
|
|
|
Batting: RHB Jordan Robinson
|
0-0: Swinging Strike 0-1: Called Strike 0-2: Ground out 1-3 (Groundball, P, EV 68.8 MPH)
|
|
Batting: LHB Phil DeCamp
|
0-0: Called Strike 0-1: Ball 1-1: SINGLE (Line Drive, 8RS, EV 108.1 MPH)
|
|
Batting: LHB Nick Rooney
|
0-0: Foul Ball, location: 2F 0-1: Called Strike 0-2: Foul Ball, location: 2F 0-2: Ball 1-2: Ball 2-2: Fly out, F8 (Flyball, 8RM, EV 84.4 MPH)
|
|
Batting: RHB Etsuro Hosokawa
|
0-0: Ground out 1-3 (Groundball, 13, EV 66.9 MPH)
|
| Top of the 1st over - 0 runs, 1 hit, 0 errors, 1 left on base; Altoona 0 - Tulsa 0 |
| BOTTOM OF THE 1ST |
|
Tulsa Drillers batting - Pitching for Altoona Curve : LHP John Mandarino
|
|
Pitching: LHP John Mandarino
|
|
|
Batting: RHB Josh Crenwelge
|
0-0: Swinging Strike 0-1: Ball 1-1: Ball 2-1: Ball 3-1: Ground out 5-3 (Groundball, 5, EV 102.5 MPH)
|
|
Batting: RHB Daniel Samano
|
0-0: Called Strike 0-1: Ball 1-1: Ball 2-1: Ground out 4-3 (Groundball, 4, EV 82.5 MPH)
|
|
Batting: RHB Jonathan Kirsch
|
0-0: Ball 1-0: Swinging Strike 1-1: Foul Ball, location: 2F 1-2: Strikes out swinging
|
| Bottom of the 1st over - 0 runs, 0 hits, 0 errors, 0 left on base; Altoona 0 - Tulsa 0 |
| TOP OF THE 2ND |
|
Altoona Curve batting - Pitching for Tulsa Drillers : RHP Eddie Usrey
|
|
Batting: LHB Ruben Garza
|
0-0: Ground out 1-3 (Groundball, 15S, EV 64.4 MPH)
|
|
Batting: RHB Freddy Quintero
|
0-0: Ball 1-0: Called Strike 1-1: Fly out, F9 (Flyball, 9LM, EV 78.8 MPH)
|
|
Batting: SHB Curtis Thompson
|
0-0: Ball 1-0: Ground out 4-3 (Groundball, 4, EV 85.0 MPH)
|
| Top of the 2nd over - 0 runs, 0 hits, 0 errors, 0 left on base; Altoona 0 - Tulsa 0 |
| BOTTOM OF THE 2ND |
|
Tulsa Drillers batting - Pitching for Altoona Curve : LHP John Mandarino
|
|
Batting: RHB Nick Getz
|
0-0: Swinging Strike 0-1: Called Strike 0-2: Ground out 5-3 (Groundball, 56S, EV 87.5 MPH)
|
|
Batting: SHB Nate Kopchak
|
0-0: Called Strike 0-1: Called Strike 0-2: Ground out U3 (Groundball, 3, EV 86.2 MPH)
|
|
Batting: RHB Tony Rivera
|
0-0: SINGLE (Groundball, 56D, EV 94.4 MPH)
|
|
Batting: RHB Marcos Villalobos
|
0-0: Foul Ball, location: 2F 0-1: Ball 1-1: SINGLE (Groundball, 34, EV 83.1 MPH) (infield hit) Tony Rivera to second
|
|
Batting: LHB Chris Buchan
|
0-0: Ball Wild Pitch! Tony Rivera to third Marcos Villalobos to second 1-0: Foul Ball, location: 2F 1-1: Ball 2-1: Ball 3-1: Foul Ball, location: 2F 3-2: Ground out 1-3 (Groundball, 13S, EV 71.2 MPH)
|
| Bottom of the 2nd over - 0 runs, 2 hits, 0 errors, 2 left on base; Altoona 0 - Tulsa 0 |
| TOP OF THE 3RD |
|
Altoona Curve batting - Pitching for Tulsa Drillers : RHP Eddie Usrey
|
|
Batting: RHB Keiji Nakajima
|
0-0: Ball 1-0: Called Strike 1-1: Ground out 5-3 (Groundball, 56S, EV 65.6 MPH)
|
|
Batting: RHB Pleun Smit
|
0-0: Fly out, F8 (Line Drive, 8RM, EV 95.6 MPH)
|
|
Batting: RHB Jordan Robinson
|
0-0: Ball 1-0: Foul Ball, location: 2F 1-1: Ball 2-1: Swinging Strike 2-2: Foul Ball, location: 2F 2-2: Ball 3-2: Strikes out swinging
|
| Top of the 3rd over - 0 runs, 0 hits, 0 errors, 0 left on base; Altoona 0 - Tulsa 0 |
| BOTTOM OF THE 3RD |
|
Tulsa Drillers batting - Pitching for Altoona Curve : LHP John Mandarino
|
|
Batting: RHB Kyle Garrett
|
0-0: Called Strike 0-1: Ball 1-1: Ground out 2-3 (Groundball, 2R, EV 66.9 MPH)
|
|
Batting: RHB Josh Crenwelge
|
0-0: Called Strike 0-1: Swinging Strike 0-2: Ball 1-2: Strikes out looking
|
|
Batting: RHB Daniel Samano
|
0-0: Called Strike 0-1: Foul Ball, location: 2F 0-2: Ground out 6-3 (Groundball, 6, EV 104.4 MPH)
|
| Bottom of the 3rd over - 0 runs, 0 hits, 0 errors, 0 left on base; Altoona 0 - Tulsa 0 |
| TOP OF THE 4TH |
|
Altoona Curve batting - Pitching for Tulsa Drillers : RHP Eddie Usrey
|
|
Batting: LHB Phil DeCamp
|
0-0: Foul Ball, location: 2F 0-1: Ball 1-1: Ball 2-1: Ball 3-1: Fly out, F8 (Flyball, 8RS, EV 90.6 MPH)
|
|
Batting: LHB Nick Rooney
|
0-0: Fly out, F7 (Flyball, 78M, EV 93.1 MPH)
|
|
Batting: RHB Etsuro Hosokawa
|
0-0: Called Strike 0-1: Swinging Strike 0-2: Ball 1-2: Ground out 4-3 (Groundball, 4, EV 91.2 MPH)
|
| Top of the 4th over - 0 runs, 0 hits, 0 errors, 0 left on base; Altoona 0 - Tulsa 0 |
| BOTTOM OF THE 4TH |
|
Tulsa Drillers batting - Pitching for Altoona Curve : LHP John Mandarino
|
|
Batting: RHB Jonathan Kirsch
|
0-0: DOUBLE (Line Drive, 9LD, EV 109.4 MPH)
|
|
Batting: RHB Nick Getz
|
0-0: Ball 1-0: Ball 2-0: Called Strike 2-1: Fly out, F7 (Flyball, 7LS, EV 83.8 MPH)
|
|
Batting: SHB Nate Kopchak
|
0-0: Called Strike 0-1: Ball 1-1: Ball 2-1: TRIPLE (Line Drive, 9D, EV 103.1 MPH) Jonathan Kirsch scores
|
|
Batting: RHB Tony Rivera
|
0-0: Called Strike 0-1: SINGLE (Groundball, 4MS, EV 65.0 MPH) (infield hit) Nate Kopchak scores
|
|
Batting: RHB Marcos Villalobos
|
0-0: Called Strike 0-1: Foul Ball, location: 2F 0-2: Ball 1-2: Ball 2-2: Foul Ball, location: 2F 2-2: Foul Ball, location: 2F 2-2: Fly out, F3 (Popup, 23F, EV 91.9 MPH)
|
|
Batting: LHB Chris Buchan
|
0-0: Called Strike 0-1: Ground out 4-3 (Groundball, 4, EV 85.0 MPH)
|
| Bottom of the 4th over - 2 runs, 3 hits, 0 errors, 1 left on base; Altoona 0 - Tulsa 2 |
| TOP OF THE 5TH |
|
Altoona Curve batting - Pitching for Tulsa Drillers : RHP Eddie Usrey
|
|
Batting: LHB Ruben Garza
|
0-0: Foul Ball, location: 2F 0-1: Swinging Strike 0-2: Ball 1-2: Strikes out looking
|
|
Batting: RHB Freddy Quintero
|
0-0: Called Strike 0-1: Foul Ball, location: 2F 0-2: Strikes out swinging
|
|
Batting: SHB Curtis Thompson
|
0-0: Foul Ball, location: 2F 0-1: Ball 1-1: SINGLE (Groundball, 4D, EV 96.2 MPH)
|
|
Batting: RHB Keiji Nakajima
|
0-0: Called Strike 0-1: Ball Curtis Thompson steals 2nd base 1-1: Called Strike 1-2: Foul Ball, location: 2F 1-2: Foul Ball, location: 2F 1-2: Strikes out looking
|
| Top of the 5th over - 0 runs, 1 hit, 0 errors, 1 left on base; Altoona 0 - Tulsa 2 |
| BOTTOM OF THE 5TH |
|
Tulsa Drillers batting - Pitching for Altoona Curve : LHP John Mandarino
|
|
Batting: RHB Kyle Garrett
|
0-0: Foul Ball, location: 2F 0-1: Called Strike 0-2: Strikes out looking
|
|
Batting: RHB Josh Crenwelge
|
0-0: Ground out 5-3 (Groundball, 56S, EV 67.5 MPH)
|
|
Batting: RHB Daniel Samano
|
0-0: Foul Ball, location: 2F 0-1: Ball 1-1: Swinging Strike 1-2: Strikes out swinging
|
| Bottom of the 5th over - 0 runs, 0 hits, 0 errors, 0 left on base; Altoona 0 - Tulsa 2 |
| TOP OF THE 6TH |
|
Altoona Curve batting - Pitching for Tulsa Drillers : RHP Eddie Usrey
|
|
Batting: RHB Pleun Smit
|
0-0: Fly out, F9 (Flyball, 89S, EV 81.2 MPH)
|
|
Batting: RHB Jordan Robinson
|
0-0: Called Strike 0-1: Ball 1-1: Called Strike 1-2: Ground out 6-3 (Groundball, 6, EV 99.4 MPH)
|
|
Batting: LHB Phil DeCamp
|
0-0: Ball 1-0: Called Strike 1-1: Ball 2-1: Ground out 1-3 (Groundball, 34S, EV 65.0 MPH)
|
| Top of the 6th over - 0 runs, 0 hits, 0 errors, 0 left on base; Altoona 0 - Tulsa 2 |
| BOTTOM OF THE 6TH |
|
Tulsa Drillers batting - Pitching for Altoona Curve : LHP John Mandarino
|
|
Batting: RHB Jonathan Kirsch
|
0-0: Ball 1-0: Ball 2-0: DOUBLE (Flyball, 89D, EV 115.0 MPH)
|
|
Batting: RHB Nick Getz
|
0-0: Ball 1-0: SINGLE (Line Drive, 4D, EV 97.5 MPH) Jonathan Kirsch to third Runner from 3rd tries for Home, throw by RF and OUT! 9-2
|
|
Batting: SHB Nate Kopchak
|
0-0: Foul Ball, location: 2F 0-1: Ball 1-1: Called Strike 1-2: Ball 2-2: Ball 3-2: Base on Balls Nick Getz to second
|
|
Batting: RHB Tony Rivera
|
0-0: Foul Ball, location: 2F 0-1: Fly out, F8 (Line Drive, 8RS, EV 86.2 MPH)
|
|
Batting: RHB Marcos Villalobos
|
0-0: Ball 1-0: Called Strike 1-1: Ground out 4-3 (Groundball, 4S, EV 84.4 MPH)
|
| Bottom of the 6th over - 0 runs, 2 hits, 0 errors, 2 left on base; Altoona 0 - Tulsa 2 |
| TOP OF THE 7TH |
|
Altoona Curve batting - Pitching for Tulsa Drillers : RHP Eddie Usrey
|
|
Batting: LHB Nick Rooney
|
0-0: Ground out 3-1 (Groundball, 34S, EV 93.1 MPH)
|
|
Batting: RHB Etsuro Hosokawa
|
0-0: Foul Ball, location: 2F 0-1: Ball 1-1: Foul Ball, location: 2F 1-2: Ball 2-2: Foul Ball, location: 2F 2-2: Foul Ball, location: 2F 2-2: Foul Ball, location: 2F 2-2: Foul Ball, location: 2F 2-2: Fly out, F9 (Line Drive, 89M, EV 101.9 MPH)
|
|
Batting: LHB Ruben Garza
|
0-0: Foul Ball, location: 2F 0-1: Ball 1-1: Foul Ball, location: 2F 1-2: Strikes out looking
|
| Top of the 7th over - 0 runs, 0 hits, 0 errors, 0 left on base; Altoona 0 - Tulsa 2 |
| BOTTOM OF THE 7TH |
|
Tulsa Drillers batting - Pitching for Altoona Curve : LHP John Mandarino
|
|
Batting: LHB Chris Buchan
|
0-0: Foul Ball, location: 2F 0-1: Swinging Strike 0-2: SINGLE (Line Drive, 7S, EV 100.0 MPH)
|
|
Batting: RHB Kyle Garrett
|
0-0: Called Strike 0-1: Ball 1-1: Called Strike 1-2: Ball 2-2: Foul Ball, location: 2F 2-2: Strikes out swinging
|
|
Batting: RHB Josh Crenwelge
|
0-0: Ball 1-0: Ball 2-0: Swinging Strike 2-1: Fielders Choice at 2nd, 6-4 (Groundball, 6, EV 85.0 MPH)
|
|
Pitching: RHP Francisco Castillo
|
|
|
Batting: RHB Daniel Samano
|
0-0: Ball 1-0: Ball 2-0: Foul Ball, location: 2F 2-1: Foul Ball, location: 2F 2-2: Strikes out looking
|
| Bottom of the 7th over - 0 runs, 1 hit, 0 errors, 1 left on base; Altoona 0 - Tulsa 2 |
| TOP OF THE 8TH |
|
Altoona Curve batting - Pitching for Tulsa Drillers : RHP Eddie Usrey
|
|
Batting: RHB Freddy Quintero
|
0-0: Swinging Strike 0-1: Ball 1-1: Ball 2-1: Ball 3-1: SINGLE (Line Drive, 89S, EV 103.1 MPH)
|
|
Batting: SHB Curtis Thompson
|
0-0: Called Strike 0-1: SINGLE (Line Drive, 89S, EV 96.9 MPH) Freddy Quintero to second
|
|
Batting: RHB Keiji Nakajima
|
0-0: Bunt missed! 0-1: Bunted foul 0-2: Strikes out swinging
|
|
Pinch Hitting: RHB Mike Velazquez
|
0-0: Called Strike 0-1: Ball 1-1: Foul Ball, location: 2F 1-2: Fielders Choice at 2nd, 6-4 (Groundball, 56D, EV 107.5 MPH) Freddy Quintero to third
|
|
Pinch Hitting: LHB Gregg Kellerman
|
0-0: Called Strike 0-1: Swinging Strike 0-2: Foul Ball, location: 2F 0-2: Ball 1-2: Foul Ball, location: 2F 1-2: Strikes out swinging
|
| Top of the 8th over - 0 runs, 2 hits, 0 errors, 2 left on base; Altoona 0 - Tulsa 2 |
| BOTTOM OF THE 8TH |
|
Tulsa Drillers batting - Pitching for Altoona Curve : RHP Francisco Castillo
|
|
Now at SS: Richard Barrios
|
|
|
Now in CF: Sammy Roddenberry
|
|
|
Batting: RHB Jonathan Kirsch
|
0-0: Called Strike 0-1: Ball 1-1: Ground out 1-3 (Groundball, P, EV 69.4 MPH)
|
|
Batting: RHB Nick Getz
|
0-0: Called Strike 0-1: Ball 1-1: Called Strike 1-2: SOLO HOME RUN (Flyball, 78XD, EV 103.1 MPH), Distance : 410 ft
|
|
Batting: SHB Nate Kopchak
|
0-0: Ball 1-0: Swinging Strike 1-1: Ball 2-1: Foul Ball, location: 2F 2-2: Foul Ball, location: 2F 2-2: Foul Ball, location: 2F 2-2: Fly out, F8 (Line Drive, 8RM, EV 93.1 MPH)
|
|
Batting: RHB Tony Rivera
|
0-0: Foul Ball, location: 2F 0-1: Fly out, F9 (Flyball, 9D, EV 106.2 MPH)
|
| Bottom of the 8th over - 1 run, 1 hit, 0 errors, 0 left on base; Altoona 0 - Tulsa 3 |
| TOP OF THE 9TH |
|
Altoona Curve batting - Pitching for Tulsa Drillers : RHP Eddie Usrey
|
|
Batting: LHB Phil DeCamp
|
0-0: Ball 1-0: Foul Ball, location: 2F 1-1: Ball 2-1: Foul Ball, location: 2F 2-2: SINGLE (Line Drive, 34D, EV 94.4 MPH)
|
|
Batting: LHB Nick Rooney
|
0-0: Ball 1-0: Foul Ball, location: 2F 1-1: Foul Ball, location: 2F 1-2: Ball 2-2: Ball 3-2: SINGLE (Line Drive, 6D, EV 96.9 MPH) Phil DeCamp to second
|
|
Batting: RHB Etsuro Hosokawa
|
0-0: Called Strike 0-1: Called Strike 0-2: Ball 1-2: SINGLE (Groundball, 56, EV 107.5 MPH) (infield hit) Phil DeCamp to third Nick Rooney to second
|
|
Batting: LHB Ruben Garza
|
0-0: Foul Ball, location: 2F 0-1: Swinging Strike 0-2: Ball 1-2: Ball 2-2: Ball Wild Pitch! Phil DeCamp scores Nick Rooney to third Etsuro Hosokawa to second 3-2: Foul Ball, location: 2F 3-2: Strikes out swinging
|
|
Pitching: RHP Jeff Coates
|
|
|
Batting: RHB Freddy Quintero
|
0-0: Called Strike 0-1: Ball 1-1: Ball 2-1: Ground out 6-3 (Groundball, 6M, EV 100.0 MPH) Nick Rooney scores Etsuro Hosokawa to third
|
|
Batting: SHB Curtis Thompson
|
0-0: Ball 1-0: Called Strike 1-1: Ball 2-1: Ball 3-1: Foul Ball, location: 2F 3-2: Foul Ball, location: 2F 3-2: Strikes out looking
|
| Top of the 9th over - 2 runs, 3 hits, 0 errors, 1 left on base; Altoona 2 - Tulsa 3 |
|